 Dungeon Crawl Stone Soup version 0.25-a0-1133-g93ebf739aa (webtiles) character file.

Game seed: 6268710736668315306, levelgen mode: classic

1082 Amnesiac the Cruncher (level 8, -17/47 HPs)
             Began as a Deep Elf Gladiator on May 21, 2020.
             Was a Follower of Okawaru.
             Demolished by an orc warrior
             ... wielding a +0 battleaxe
              (29 damage)
             ... on level 5 of the Dungeon.
             The game lasted 00:12:25 (6489 turns).

Amnesiac the Cruncher (Deep Elf Gladiator)          Turns: 6489, Time: 00:12:25

Health: -17/47     AC:  5    Str: 13    XL:     8   Next: 8%
Magic:  11/11      EV: 13    Int: 20    God:    Okawaru [*.....]
Gold:   330        SH:  0    Dex: 16    Spells: 7/7 levels left

rFire    + . .     SeeInvis .   r - +2 hand axe (venom)
rCold    . . .     Gourm    .   (no shield)
rNeg     . . .     Faith    .   x - +1 leather armour {rF+}
rPois    .         Spirit   .   c - +0 helmet
rElec    .         Reflect  .   (no cloak)
rCorr    .         Harm     .   (no gloves)
MR       +....                  (no boots)
Stlth    +.........             (no amulet)
HPRegen  0.15/turn              n - ring of protection from magic
MPRegen  0.12/turn              q - +6 ring of intelligence

@: no status effects
A: no striking features
a: Heroism, Renounce Religion


You were on level 5 of the Dungeon.
You worshipped Okawaru.
Okawaru was aware of your devotion.
You were hungry.

You visited 2 branches of the dungeon, and saw 7 of its levels.

You collected 330 gold pieces.

Inventory:

Hand Weapons
 a - a +2 hunting sling of freezing
 b - a +0 quarterstaff
 k - a +0 shortbow
 r - a +2 hand axe of venom (weapon)
 v - a +1 hunting sling of flaming
 w - a +0 great sword of holy wrath
Missiles
 h - 187 stones (quivered)
 y - 25 sling bullets
 A - 87 arrows
Armour
 c - a +0 helmet (worn)
 x - a +1 leather armour of fire resistance (worn)
Jewellery
 n - a ring of protection from magic (left hand)
 q - a +6 ring of intelligence (right hand)
Scrolls
 e - 3 scrolls of fear {!r}
 g - 2 scrolls of teleportation {!r}
 j - 3 scrolls of remove curse {!r}
 u - 3 scrolls of magic mapping {!r}
Potions
 i - a potion of invisibility {!q}
 l - a potion of stabbing {!q}
 m - a potion of brilliance {!q}
 o - a potion of resistance {!q}
 s - 3 potions of curing {!q}
 t - a potion of might {!q}
 z - a potion of magic {!q}
Comestibles
 f - 15 rations
 p - a chunk of flesh


   Skills:
 - Level 3.6 Fighting
 * Level 8.9 Staves
 - Level 2.0 Throwing
 - Level 3.6 Dodging
 + Level 1.9 Invocations


You had 7 spell levels left.
You didn't know any spells.
Your spell library was empty.

Dungeon Overview and Level Annotations

Branches:
Dungeon (6/15)             Temple (1/1) D:4

Altars:
Cheibriados
Dithmenos
Gozag
Hepliaklqana
Kikubaaqudgha
Nemelex Xobeh
Okawaru
Qazlal
The Shining One


Message History

You open the door.
There is an open door here.
y - 25 sling bullets (gained 1)
Found an escape hatch in the ceiling.
f - 15 rations (gained 1)
q - a large bronze ring You feel clever.
q - a +6 ring of intelligence (right hand)
Your library has no spells.
Unknown command.
There is an escape hatch in the ceiling here.
Really go through this one-way escape hatch?
A mysterious force pulls you upwards. The hatch slams shut behind you.
The orc warrior is too close now for your liking.
Quiver which item? (- for none, * to show all) (? for menu, Esc to quit)
Okay, then.
Your +2 hunting sling of freezing stops glowing.
Your +2 hand axe of venom begins to drip with poison!
r - a +2 hand axe of venom (weapon)
The orc warrior hits you with a +0 battleaxe!
The orc shouts!
You hit the orc warrior but do no damage.
The orc warrior is poisoned.
The orc warrior closely misses you.
You closely miss the orc warrior.
The orc warrior is lightly wounded.
The orc warrior hits you with a +0 battleaxe!!
* * * LOW HITPOINT WARNING * * *
Unknown command.
You hit the orc.
The orc is poisoned.
The orc is severely wounded.
You kill the orc!
Okawaru accepts your kill. The orc warrior barely misses you.
You hit the orc warrior.
The orc warrior is moderately wounded.
The orc warrior hits you with a +0 battleaxe!
* * * LOW HITPOINT WARNING * * *
Unknown command.
There is an open door here.
Throwing (i - inventory. (/) - cycle)
d - 2 throwing nets (quivered)
Press: ? - help, Shift-Dir - straight line, f - orc warrior
Aim: an orc warrior, wielding a +0 battleaxe and wearing a +0 chain mail (heavily wounded, poisoned)
You throw a throwing net.
The throwing net barely misses the orc warrior.
Throwing (i - inventory. (/) - cycle)
d - a throwing net (quivered)
Press: ? - help, Shift-Dir - straight line, f/p - orc warrior
Aim: an orc warrior, wielding a +0 battleaxe and wearing a +0 chain mail (heavily wounded, poisoned)
You throw a throwing net.
The throwing net closely misses the orc warrior.
The orc warrior closely misses you.
The orc warrior looks more healthy.
Search for what [Enter for "ego", or ? for help]? sha You are feeling hungry.
There is a stone staircase leading down here.
The orc warrior hits you with a +0 battleaxe!
* * * LOW HITPOINT WARNING * * *
Unknown command.
Unknown command.
Some of the chunks of flesh in your inventory have rotted away.
You aren't carrying any items that you can evoke.
Unknown command.
The orc warrior hits you with a +0 battleaxe!!
Ouch! That really hurt!
You die...

.....# #.#..###.#....#.#######
.....# #.##.###.#....#+######
.....# #.##..##.#...........#
....#######.###.##.#####.......#
................##.# #.......#
...(............##.# #.......##
................##.# #.........
##..........###..#.# ##.###....
#..........# ##@#.# #.# #....
#..........# #.o.# #.# #....
#..........# ##..# #.# #####
#..........# #..# #.#
#.#....###.# #..######.#
#.....## #.# ##>.......##
#####.# #.# #####.....# #.# #.#
##### #.....### #.#
#.###...####)......####


You could see an orc warrior.

Vanquished Creatures
  A black bear (D:6)
  An ogre (D:5)
  A phantom (D:6)
  A centaur (D:6)
  A scorpion (D:5)
  A crimson imp (D:2)
  A jelly (D:5)
  A bullfrog zombie (D:5)
  An orc priest (D:4)
  3 bullfrog skeletons
  4 orc wizards
  4 iguanas
  3 worker ants
  3 gnolls (D:3)
  4 adders
  2 oozes
  4 worms
  A dart slug (D:2)
  2 leopard geckos
  11 orcs
  4 bats
  4 giant cockroaches
  6 hobgoblins
  10 jackals
  A quokka (D:2)
  6 frilled lizards
  13 goblins
  A jackal zombie (D:6)
  12 kobolds
  A leopard gecko skeleton (D:5)
  A quokka zombie (D:5)
  7 rats
116 creatures vanquished.

Notes
Turn   | Place    | Note
-------+----------+-------------------------------------------
     0 | D:1      | Amnesiac the Deep Elf Gladiator began the quest for the
                  | Orb.
     0 | D:1      | Reached XP level 1. HP: 12/12 MP: 3/3
   160 | D:1      | Reached XP level 2. HP: 10/16 MP: 4/4
   592 | D:1      | Reached skill level 4 in Staves
  1144 | D:2      | Reached XP level 3. HP: 20/20 MP: 5/5
  1716 | D:2      | Reached XP level 4. HP: 22/25 MP: 6/6
  1976 | D:3      | Reached skill level 5 in Staves
  2319 | D:2      | Reached XP level 5. HP: 22/30 MP: 7/7
  2968 | D:4      | Found an opulent altar of Gozag.
  2977 | D:4      | Reached skill level 6 in Staves
  3065 | D:4      | Reached XP level 6. HP: 31/36 MP: 8/8
  3113 | D:4      | Found a staircase to the Ecumenical Temple.
  3131 | Temple   | Entered the Ecumenical Temple
  3148 | Temple   | Became a worshipper of Warmaster Okawaru
  4057 | D:5      | Entered Level 5 of the Dungeon
  4121 | D:5      | Reached skill level 7 in Staves
  4363 | D:5      | Reached XP level 7. HP: 36/41 MP: 9/9
  4418 | D:5      | Reached * piety under Okawaru
  5310 | D:6      | Found a shadowy altar of Dithmenos.
  5640 | D:6      | Reached skill level 8 in Staves
  5865 | D:6      | Noticed a gargoyle
  6149 | D:6      | Reached skill level 1 in Invocations
  6230 | D:6      | Reached XP level 8. HP: 47/47 MP: 9/11
  6359 | D:5      | HP: 1/47 [orc warrior/+0 battleaxe (13)]
  6489 | D:5      | Demolished by an orc warrior

Illustrated notes

Levels and vault maps discovered:
D:1:      kilobyte_arrival_exit_the_forest, layout_basic, minmay_pentomino_x4
D:2:      layout_loops_cross, minmay_ruptured
D:3:      layout_rooms
D:4:      layout_rooms, minmay_temple_entry_wispy, first_ration,
          kennysheep_crisscross, nicolae_gozag_seed_capital
D:5:      layout_basic
D:6:      minmay_klotski, layout_gridville, nicolae_overflow_crystal_walls,
          uniq_pikel, uniq_grinder
Temple:   nicolae_temple_the_god_donut

Skill      XL: |  1  2  3  4  5  6  7 |
---------------+----------------------+-----
Staves         | 4 5 6 7 8 |  8.9
Fighting       | 2 3 |  3.6
Invocations    | 1 |  1.9
Throwing       | |  2.0
Dodging        | |  3.6

Action                   |  1- 3 |  4- 6 |  7- 9 || total
-------------------------+-------+-------+-------++-------
Melee: Quarterstaff      |    40 |    42 |       ||    82
       Hand axe          |       |    16 |    37 ||    53
       Great sword       |       |       |     2 ||     2
 Fire: Hunting sling     |    88 |   147 |    75 ||   310
Throw: Throwing net      |       |     1 |     2 ||     3
  Use: Potion            |       |     4 |       ||     4
       Scroll            |       |       |    13 ||    13
  Eat: Chunk             |     2 |     9 |     2 ||    13
       Ration            |       |       |     1 ||     1
Armor: Leather armour    |    20 |       |     6 ||    26
       Ring mail         |     3 |    63 |     6 ||    72
Dodge: Dodged            |    45 |    73 |    41 ||   159

Table legend:
 A = Non-vault XP
 B = Vault XP
 C = Vault XP percentage of total XP
 D = Non-vault monster count
 E = Vault monster count
 F = Vault count percentage of total count
                 A         B        C        D         E       F
            +---------+---------+-------+---------+---------+-------
      Total |    1538 |       8 |   0.5 |     111 |       5 |   4.3
            +---------+---------+-------+---------+---------+-------
        D:1 |      33 |       3 |   8.3 |      21 |       2 |   8.7
        D:2 |     107 |       5 |   4.5 |      22 |       3 |  12.0
        D:3 |     193 |       0 |   0.0 |      31 |       0 |   0.0
        D:4 |     253 |       0 |   0.0 |       9 |       0 |   0.0
        D:5 |     439 |       0 |   0.0 |      16 |       0 |   0.0
        D:6 |     513 |       0 |   0.0 |      12 |       0 |   0.0
            +---------+---------+-------+---------+---------+-------
